 Dungeon Crawl Stone Soup version 0.17-a0-968-gf8e1f1d (webtiles) character file.

17922 nubinia the Summoner (level 12, -9/64 HPs)
             Began as a Tengu Summoner on May 7, 2015.
             Was an Elder of Vehumet.
             Mangled by a spiny frog (17 damage)
             ... on level 3 of the Lair of Beasts on May 9, 2015.
             The game lasted 02:30:17 (16908 turns).

nubinia the Summoner (Tengu Summoner)              Turns: 16908, Time: 02:30:17

Health: -9/64      AC: 12    Str: 10    XL:     12   Next: 53%
Magic:  21/27      EV: 16    Int: 19    God:    Vehumet [****..]
Gold:   857        SH:  0    Dex: 19    Spells: 12 memorised, 2 levels left

rFire  + . .     SeeInvis .     p - +1 quarterstaff (protect)
rCold  + . .     Clarity  .     U - +1 leather armour {rC+}
rNeg   + . .     SustAb   .     (no shield)
rPois  .         Gourm    .     (helmet restricted)
rElec  +         Spirit   .     O - +1 cloak
rCorr  .         Warding  +     u - +0 pair of gloves
rMut   .         Stasis   .     (boots unavailable)
MR     .....                    s - amulet of warding
Stlth  +++.......               e - ring "Doiru Nepas" {Fire rElec Dex+4}
                                Z - ring of protection from cold

@: not resistant to hostile enchantments, fairly stealthy
A: beak, talons 3, able to fly 1
a: Fly, Renounce Religion


You were on level 3 of the Lair of Beasts.
You worshipped Vehumet.
Vehumet was greatly pleased with you.
You were not hungry.

You visited 3 branches of the dungeon, and saw 15 of its levels.

You collected 857 gold pieces.

Inventory:

Hand weapons
 a - the +10 mace of War {venom, rF+}
   (You found it on level 7 of the Dungeon)

   It poisons the flesh of those it strikes.
   It protects you from fire.
 b - a +1 blowgun
 p - a +1 quarterstaff of protection (weapon)
 C - a +2 mace of crushing
 M - a +4 dagger of freezing
Missiles
 B - 25 poisoned needles
Armour
 d - a -1 cloak
 o - a +2 robe of cold resistance
 q - a +2 robe
 u - a +0 pair of gloves (worn)
 F - a +0 robe
 J - a troll hide
 O - a +1 cloak (worn)
 U - a +1 leather armour of cold resistance (worn)
Jewellery
 e - the ring "Doiru Nepas" (right hand) {Fire rElec Dex+4}
   (You found it on level 8 of the Dungeon)

   [ring of fire]

   It enhances your fire magic, and weakens your ice magic.
   It affects your dexterity (+4).
   It protects you from fire.
   It makes you vulnerable to cold.
   It insulates you from electricity.
 s - an amulet of warding (around neck)
 G - an uncursed ring of teleport control
 Z - a ring of protection from cold (left hand)
Magical devices
 g - a wand of random effects (17)
 n - a wand of digging (10)
 x - a wand of fireball (15)
 y - a wand of magic darts (28)
 D - a wand of enslavement (17)
 W - a wand of polymorph (16)
Scrolls
 i - 6 scrolls of amnesia
 k - 4 scrolls of fog
 l - 8 scrolls of remove curse
 A - 2 scrolls of teleportation
 H - 2 scrolls of enchant weapon
 L - 4 scrolls of magic mapping
 Q - 5 scrolls of identify
 S - a scroll of blinking
Potions
 h - 4 potions of curing
 v - 2 potions of brilliance
 z - 3 potions of invisibility
 E - 3 potions of flight
 K - a potion of berserk rage
 N - a potion of magic
 R - a potion of cure mutation
 T - 2 potions of haste
Books
 m - a Grand Grimoire {highlevel}

   Spells                             Type                      Level
   a - Monstrous Menagerie            Summoning                    6
   b - Summon Greater Demon           Summoning                    7
   c - Malign Gateway                 Summoning/Translocation      7
   d - Summon Horrible Things         Summoning                    8
 r - a book of the Earth

   Spells                             Type                      Level
   a - Leda's Liquefaction            Hexes/Earth                  4
   b - Bolt of Magma                  Conjuration/Fire/Earth       5
   c - Statue Form                    Transmutation/Earth          6
   d - Iron Shot                      Conjuration/Earth            6
   e - Shatter                        Earth                        9
 t - a book of Air

   Spells                             Type                      Level
   a - Shock                          Conjuration/Air              1
   b - Swiftness                      Charms/Air                   2
   c - Repel Missiles                 Charms/Air                   2
   d - Flight                         Charms/Air                   3
   e - Static Discharge               Conjuration/Air              3
   f - Lightning Bolt                 Conjuration/Air              5
 w - a book of Callings

   Spells                             Type                      Level
   a - Summon Small Mammal            Summoning                    1
   b - Call Imp                       Summoning                    2
   c - Call Canine Familiar           Summoning                    3
   d - Summon Guardian Golem          Hexes/Summoning              3
   e - Summon Lightning Spire         Summoning/Air                4
   f - Summon Ice Beast               Ice/Summoning                4
 V - a book of the Sky

   Spells                             Type                      Level
   a - Flight                         Charms/Air                   3
   b - Airstrike                      Air                          4
   c - Silence                        Hexes/Air                    5
   d - Deflect Missiles               Charms/Air                   6
   e - Conjure Ball Lightning         Conjuration/Air              6
   f - Tornado                        Air                          9
Miscellaneous
 X - a sack of spiders
Comestibles
 c - 7 bread rations
 f - 11 slices of pizza
 j - 4 beef jerkies
 I - 7 fruits
 P - a meat ration
 Y - 4 chunks of flesh


   Skills:
 + Level 3.4 Fighting
 - Level 0.4 Short Blades
 + Level 3.7 Maces & Flails
 + Level 5.2 Throwing
 + Level 1.5 Armour
 + Level 6.4 Dodging
 + Level 5.9 Stealth
 + Level 10.8 Spellcasting
 + Level 6.8 Conjurations
 + Level 0.5 Charms
 * Level 11.7 Summonings
 + Level 1.0 Ice Magic
 + Level 9.3 Air Magic


You had 2 spell levels left.
You knew the following spells:

 Your Spells              Type           Power        Failure   Level  Hunger
a - Shock                 Conj/Air       ####         1%          1    None
b - Airstrike             Air            #####.....   1%          4    ##.....
c - Call Canine Familiar  Summ           ######..     1%          3    None
d - Summon Small Mammal   Summ           ####         1%          1    None
e - Summon Guardian Gole  Hex/Summ       ####....     2%          3    None
f - Magic Dart            Conj           ####         1%          1    None
g - Summon Lightning Spi  Summ/Air       ######..     1%          4    ##.....
h - Call Imp              Summ           ######..     1%          2    None
i - Dazzling Spray        Conj/Hex       ###.....     2%          3    None
j - Swiftness             Chrm/Air       ####....     1%          2    None
k - Summon Ice Beast      Ice/Summ       ###.....     8%          4    ##.....
r - Repel Missiles        Chrm/Air       ####..       1%          2    None


Dungeon Overview and Level Annotations

Branches:
Dungeon (11/15)            Temple (1/1) D:7            Lair (3/8) D:11
  Swamp: Lair:3-6    Shoals: Lair:3-6     Snake: Lair:3-6    Spider: Lair:3-6
    Orc: D:9-12

Altars:
Ashenzari
Cheibriados
Dithmenos
Elyvilon
Fedhas
Gozag
Kikubaaqudgha
Makhleb
Nemelex Xobeh
Okawaru
Qazlal
Ru
Sif Muna
Trog
Vehumet
Xom
Yredelemnul
Zin
The Shining One

Shops:
D:4 (   D:6 }   D:10 *   D:11 (


Innate Abilities, Weirdness & Mutations

You have a beak for a mouth.
You have claws for feet.
You can fly.


Message History

Your wolf bites the spiny frog.
The spiny frog stings you!
You hit the spiny frog.
You peck the spiny frog, but do no damage.
The spiny frog is moderately wounded.
Your wolf bites the spiny frog but does no damage.
The spiny frog stings you!!
* * * LOW HITPOINT WARNING * * *
Your wolf bites the spiny frog.
Your wolf disappears in a puff of smoke!
The spiny frog misses you.
Wield which item (- for none, * to show all)? (? for menu, Esc to quit)
The +10 mace of War {venom, rF+} stops dripping with poison.
You feel protected!
p - a +1 quarterstaff of protection (weapon)
Casting: Summon Lightning Spire
Confirm with . or Enter, or press ? or * to list all spells.
The spiny frog stings you!
* * * LOW HITPOINT WARNING * * *
The spiny frog stings you!
You die...

#...........##.รท.....###
##..##.###..........##
##..#..###.........##
#.(.##.[#..#.....###
#..#.####........###
###.##.#.........#.#
##.5#..##........P.#
#P..##h.#.......P..#
####.##..#.#..@.hP##
#........#P.F.###
####.....#....## ##
##....#.8...###.#
#.#...........###
#####P........<.####
###.......>....#
#...........#####
#.............#.###


You could see a spiny frog, a friendly wolf and a friendly lightning spire.

Vanquished Creatures
  Fannar (D:10)
  An ugly thing (D:11)
  A griffon (Lair:3)
  3 centaur skeletons (D:11)
  A spiny frog (Lair:2)
  A kobold demonologist (D:11)
  2 komodo dragons
  2 trolls
  A deep elf mage (D:11)
  5 yaks
  A human (D:10)
  A hungry ghost (D:7)
  2 basilisks
  2 hippogriffs
  A swamp worm (Lair:1)
  3 water moccasins (Lair:1)
  Menkaure (D:7)
  2 wolves (Lair:3)
  A sky beast (D:7)
  A wasp (D:11)
  2 orc warriors
  3 porcupines
  6 centaurs
  A necrophage (D:8)
  4 ice beasts
  A big kobold (D:7)
  4 ogres
  7 giant frogs
  3 crocodiles
  A water moccasin zombie (D:7)
  2 scorpions
  3 electric eels (D:10)
  3 crimson imps
  A gnoll shaman (D:8)
  2 hounds
  2 orc priests (D:7)
  A jelly (D:10)
  3 orc wizards
  8 worker ants
  2 iguanas
  11 sheep
  A hound skeleton (D:4)
  7 gnolls
  Natasha (D:3)
  3 adders
  8 river rats
  3 shadow imps
  An adder zombie (D:9)
  An adder skeleton (D:9)
  3 worms
  A giant gecko (D:10)
  18 orcs
  2 ball pythons
  3 bat skeletons
  4 giant cockroaches
  4 goblins
  6 hobgoblins
  5 jackals (D:7)
  11 kobolds
  2 quokkas (D:4)
  A ball python skeleton (D:3)
  11 bats
  A giant gecko zombie (D:3)
  A giant newt (D:4)
  A jackal skeleton (D:4)
  10 rats
212 creatures vanquished.

Vanquished Creatures (collateral kills)
  Harold (D:11)
  2 hydras
  Erica (D:10)
  2 hill giants
  A black mamba (Lair:2)
  Joseph (D:10)
  8 spiny frogs
  2 kobold demonologists (D:11)
  4 komodo dragons
  A troll (D:10)
  3 blink frogs (Lair:1)
  Sigmund (D:2)
  A shadow (D:11)
  A wyvern (Lair:3)
  10 yaks
  A deep elf mage (D:9)
  3 hippogriffs
  6 swamp worms (Lair:1)
  8 wolves
  3 water moccasins
  2 ice beasts (D:10)
  A sky beast (D:10)
  A black bear (D:10)
  A centaur (D:5)
  3 porcupines (Lair:3)
  2 orc warriors
  A phantom (D:10)
  A necrophage (D:7)
  2 ogres
  2 crocodiles
  A big kobold (D:11)
  A brain worm (Lair:1)
  2 giant frogs
  A water moccasin skeleton (D:5)
  An electric eel (D:10)
  2 jellies
  A giant frog zombie (D:9)
  2 crimson imps
  2 giant frog skeletons
  A hound (D:11)
  2 centaur skeletons (D:4)
  An orc priest (D:6)
  3 orc wizards
  Natasha (twice) (D:3)
  11 sheep
  3 worker ants
  2 gnolls (D:7)
  10 river rats
  6 adders
  3 shadow imps
  A white imp (Lair:1)
  An adder zombie (D:3)
  9 worms (Lair:1)
  2 giant geckos
  13 orcs
  2 bat zombies (D:3)
  4 giant cockroaches
  8 goblins
  10 hobgoblins
  9 kobolds
  2 quokkas
  8 bats
  5 rats
  2 plants (Lair:1)
209 creatures vanquished.

Vanquished Creatures (others)
  Snorg (D:10)
  A gargoyle (D:11)
  4 guardian golems
  25 wolves
  6 lightning spires
  11 crimson imps
  An iron imp (D:11)
  A giant frog skeleton (D:10)
  29 hounds
  4 shadow imps
  7 white imps
  5 quokkas
  2 bats (D:2)
  A rat (D:2)
  4 fungi (D:11)
  A plant (D:11)
103 creatures vanquished.

Grand Total: 524 creatures vanquished

Notes
Turn   | Place    | Note
--------------------------------------------------------------
     0 | D:1      | nubinia, the Tengu Summoner, began the quest for the Orb.
     0 | D:1      | Reached XP level 1. HP: 10/10 MP: 4/4
   230 | D:1      | Reached skill level 5 in Summonings
   291 | D:1      | Reached XP level 2. HP: 10/15 MP: 4/6
  1386 | D:2      | Reached XP level 3. HP: 20/20 MP: 4/7
  1390 | D:2      | Learned a level 2 spell: Call Imp
  1394 | D:2      | Learned a level 3 spell: Call Canine Familiar
  1691 | D:2      | Noticed Sigmund
  1763 | D:2      | Killed Sigmund
  1763 | D:2      | Reached XP level 4. HP: 22/24 MP: 1/9
  1982 | D:3      | Gained mutation: You can fly. [Tengu growth]
  1982 | D:3      | Reached XP level 5. HP: 28/28 MP: 4/11
  2004 | D:3      | Learned a level 1 spell: Shock
  2080 | D:3      | Noticed Natasha
  2094 | D:3      | Killed Natasha
  2094 | D:3      | Reached skill level 1 in Air Magic
  2229 | D:3      | Noticed Natasha
  2235 | D:3      | Killed Natasha
  2537 | D:3      | Noticed Natasha
  2545 | D:3      | Killed Natasha
  2825 | D:3      | Upgraded the game from 0.17-a0-957-ga3519be to 0.17-a0-963-gaa5423c
  2883 | D:4      | Found Vokice's Antique Weapon Shoppe.
  2924 | D:4      | Learned a level 2 spell: Repel Missiles
  2997 | D:4      | Reached XP level 6. HP: 33/33 MP: 6/12
  3143 | D:4      | Noticed an ogre
  3160 | D:4      | Killed an ogre
  3192 | D:4      | Found a sparkling altar of Nemelex Xobeh.
  3479 | D:4      | Reached skill level 6 in Summonings
  3681 | D:5      | Entered Level 5 of the Dungeon
  4452 | D:5      | Found a glowing silver altar of Zin.
  4454 | D:5      | Found an opulent altar of Gozag.
  4669 | D:5      | Reached skill level 1 in Fighting
  4669 | D:5      | Reached XP level 7. HP: 26/38 MP: 8/14
  5310 | D:6      | Found Ower's Gadget Emporium.
  5704 | D:6      | Reached skill level 7 in Summonings
  5979 | D:7      | Reached skill level 1 in Conjurations
  5987 | D:7      | Found a staircase to the Ecumenical Temple.
  5996 | Temple   | Entered the Ecumenical Temple
  6082 | Temple   | Became a worshipper of Vehumet
  6124 | D:7      | Reached skill level 5 in Air Magic
  6139 | D:7      | Noticed a hungry ghost
  6153 | D:7      | Killed a hungry ghost
  6153 | D:7      | Reached skill level 5 in Spellcasting
  6153 | D:7      | Reached XP level 8. HP: 36/43 MP: 6/16
  6212 | D:7      | Noticed Menkaure
  6784 | D:7      | Reached skill level 8 in Summonings
  6786 | D:7      | Acquired Vehumet's first power
  6786 | D:7      | Offered knowledge of Sandblast by Vehumet.
  6912 | D:7      | Got a transparent mace
  6913 | D:7      | Identified the +10 mace of War {venom, rF+} (You found it on level 7 of the Dungeon)
  6971 | D:7      | Killed Menkaure
  7605 | D:8      | Reached XP level 9. HP: 48/48 MP: 12/19
  7695 | D:8      | Got a crude lapis lazuli ring
  7696 | D:8      | Identified the ring "Doiru Nepas" {Fire rElec Dex+4} (You found it on level 8 of the Dungeon)
  7729 | D:8      | Reached skill level 1 in Throwing
  7931 | D:8      | Offered knowledge of Magic Dart by Vehumet.
  8023 | D:8      | Found a snail-covered altar of Cheibriados.
  8236 | D:8      | Learned a level 1 spell: Magic Dart
  8241 | D:8      | Learned a level 4 spell: Summon Lightning Spire
  8541 | D:8      | Reached skill level 1 in Maces & Flails
  8643 | D:8      | Found a stormy altar of Qazlal.
  8797 | D:9      | Found a white marble altar of Elyvilon.
  8835 | D:9      | Found a bloodstained altar of Trog.
  8836 | D:9      | Found a deep blue altar of Sif Muna.
  8836 | D:9      | Found a shimmering altar of Xom.
  8837 | D:9      | Found a basalt altar of Yredelemnul.
  8837 | D:9      | Found an iron altar of Okawaru.
  8864 | D:9      | Offered knowledge of Ignite Poison by Vehumet.
  8877 | D:9      | Reached skill level 9 in Summonings
  8882 | D:9      | Learned a level 3 spell: Summon Guardian Golem
  9055 | D:9      | Reached skill level 5 in Conjurations
  9246 | D:9      | Reached XP level 10. HP: 51/54 MP: 21/21
  9588 | D:9      | Acquired Vehumet's second power
  9796 | D:10     | Entered Level 10 of the Dungeon
  9914 | D:10     | Noticed Fannar
  9916 | D:10     | Noticed Snorg
 10425 | D:10     | Noticed Erica
 10447 | D:10     | Killed Erica
 10447 | D:10     | Reached skill level 5 in Stealth
 10577 | D:10     | Noticed Joseph
 10594 | D:10     | Killed Joseph
 10663 | D:10     | Killed Fannar
 10728 | D:10     | Offered knowledge of Dazzling Spray by Vehumet.
 10733 | D:10     | Learned a level 3 spell: Dazzling Spray
 11088 | D:10     | Found Gieb's General Store.
 11261 | D:10     | Noticed a hill giant
 11281 | D:10     | Killed a hill giant
 11281 | D:10     | Reached skill level 5 in Dodging
 11281 | D:10     | Reached skill level 10 in Summonings
 11281 | D:10     | Reached XP level 11. HP: 49/59 MP: 9/24
 11572 | D:10     | Killed Snorg
 11768 | D:11     | Found Diuteus's Weapon Boutique.
 11785 | D:11     | Reached skill level 5 in Throwing
 11787 | D:11     | Noticed a hill giant
 11798 | D:11     | Killed a hill giant
 11842 | D:11     | Found a staircase to the Lair.
 11871 | D:11     | Noticed Harold
 11884 | D:11     | Killed Harold
 12065 | D:11     | Acquired Vehumet's third power
 12153 | D:11     | Noticed a sun demon
 12158 | D:11     | Offered knowledge of Fulminant Prism by Vehumet.
 12433 | D:11     | Gained mutation: You are resistant to hostile enchantments. [mutagenic meat]
 12434 | D:11     | Gained mutation: You tend to lose your temper in combat. [mutagenic meat]
 12435 | D:11     | Gained mutation: You have a pair of small horns on your head. [mutagenic meat]
 12436 | D:11     | Gained mutation: Your magical capacity is low (-10% MP). [mutagenic meat]
 12496 | Lair:1   | Entered Level 1 of the Lair of Beasts
 12752 | Lair:1   | HP: 3/60 [blink frog (13)]
 13047 | Lair:1   | Reached skill level 11 in Summonings
 13491 | Lair:1   | Learned a level 4 spell: Airstrike
 13497 | Lair:1   | Learned a level 2 spell: Swiftness
 13507 | Lair:1   | Noticed a seven-headed hydra
 13525 | Lair:1   | Killed a seven-headed hydra
 13525 | Lair:1   | Offered knowledge of Lee's Rapid Deconstruction by Vehumet.
 13675 | Lair:1   | Reached skill level 10 in Spellcasting
 13818 | Lair:1   | Reached XP level 12. HP: 55/64 MP: 14/24
 14491 | Lair:2   | Found a blossoming altar of Fedhas.
 15232 | Lair:2   | Noticed a five-headed hydra
 15239 | Lair:2   | Killed a five-headed hydra
 16014 | Lair:2   | Upgraded the game from 0.17-a0-963-gaa5423c to 0.17-a0-968-gf8e1f1d
 16078 | Lair:3   | Reached skill level 1 in Armour
 16304 | Lair:3   | Learned a level 4 spell: Summon Ice Beast
 16330 | Lair:3   | Lost mutation: You tend to lose your temper in combat. [potion of cure mutation]
 16330 | Lair:3   | Lost mutation: Your magical capacity is low (-10% MP). [potion of cure mutation]
 16330 | Lair:3   | Lost mutation: You are resistant to hostile enchantments. [potion of cure mutation]
 16330 | Lair:3   | Lost mutation: You have a pair of small horns on your head. [potion of cure mutation]
 16631 | Lair:3   | Reached skill level 1 in Ice Magic
 16908 | Lair:3   | Mangled by a spiny frog

Action                   |  1- 3 |  4- 6 |  7- 9 | 10-12 || total
-------------------------+-------+-------+-------+-------++-------
Melee: Unarmed           |    55 |   135 |     9 |       ||   199
       Dagger            |       |       |    53 |       ||    53
       Mace              |       |       |    53 |   193 ||   246
 Fire: Blowgun           |       |       |    27 |    60 ||    87
 Cast: Summon Small Mamm |    45 |     5 |       |       ||    50
       Call Canine Famil |     5 |    28 |    36 |    64 ||   133
       Call Imp          |     1 |    33 |    14 |    32 ||    80
       Repel Missiles    |       |     1 |     1 |     2 ||     4
       Shock             |       |     1 |   130 |   135 ||   266
       Summon Lightning  |       |       |     5 |    57 ||    62
       Magic Dart        |       |       |       |     8 ||     8
       Dazzling Spray    |       |       |       |    11 ||    11
       Summon Guardian G |       |       |       |     6 ||     6
       Airstrike         |       |       |       |     9 ||     9
 Abil: Fly               |       |       |       |     1 ||     1
  Use: Scroll            |     2 |     4 |     4 |     9 ||    19
       Potion            |     1 |     2 |     2 |    12 ||    17
 Stab: Sleeping          |       |     4 |     7 |    13 ||    24
       Distracted        |       |       |     3 |     7 ||    10
  Eat: Chunk             |     3 |    14 |    18 |    35 ||    70
       Fruit             |       |       |       |     1 ||     1
